Map: Breakwater LE

Players

Ekelpack - Winner!

  • Race: Zerg Zerg
  • Spawn Location: 1:00

Nyck - Winner!

  • Race: Terran Terran
  • Spawn Location: 1:00

Zolevarus

  • Race: Protoss Protoss
  • Spawn Location: 7:00

Farloks

  • Race: Zerg Zerg
  • Spawn Location: 7:00

VOD

Have the link to the VOD?

Description

Time

  • Played on: April 8, 2025, 3:46 p.m.
  • Length: 14:36
Show
View Real Time Build Order
Export as new Build Order

Ekelpack Zerg - Winner!

Build Orders: Hatch First 

Get SALT Encoding   

  12  0:00  Drone  
  13  0:12  Overlord  
  13  0:16  Drone  
  14  0:34  Drone x2  
  16  0:35  Drone  
  17  0:54  Hatchery  
  17  0:56  Drone  
  17  0:59  Extractor  
  17  1:00  Drone  
  17  1:13  Spawning Pool  
  17  1:17  Drone  
  17  1:21  Drone  
  18  1:28  Drone  
  19  1:38  Drone  
  20  2:00  Queen  
  22  2:06  Queen  
  22  2:07  Drone  
  25  2:12  Drone  
  25  2:13  Metabolic Boost  
  25  2:14  Overlord  
  26  2:19  Drone  
  27  2:25  Drone  
  28  2:33  Drone  
  29  2:42  Drone  
  30  2:51  Drone x2  
  30  2:52  Drone  
  30  2:53  Lair  
  30  2:54  Extractor  
  32  3:03  Drone x2  
  32  3:04  Overlord  
  34  3:09  Zergling x4  
  36  3:17  Spine Crawler  
  36  3:18  Spine Crawler  
  34  3:21  Zergling x4  
  34  3:24  Zergling x6  
  36  3:39  Drone x2  
  38  3:50  Drone x4  
  38  3:51  Overlord  
  42  3:57  Spire  
  42  3:58  Drone  
  42  4:05  Extractor  
  42  4:08  Queen  
  43  4:16  Drone  
  44  4:22  Extractor  
  44  4:23  Overlord, Drone  
  45  4:31  Drone  
  45  4:39  Overlord x2  
  45  5:01  Drone x2  
  46  5:22  Spore Crawler  
  46  5:23  Spore Crawler  
  46  5:27  Spawning Pool  
  43  5:42  Mutalisk x3  
  44  5:43  Mutalisk x4  
  58  6:01  Drone x3  
  61  6:08  Spore Crawler  
  60  6:12  Spore Crawler  
  60  6:13  Drone  
  60  6:15  Overlord  
  60  6:28  Overlord, Drone x3  
  60  6:30  Zerg Flyer Weapons Level 1  
  63  6:52  Mutalisk x2  
  63  6:53  Mutalisk x3  
  73  7:05  Mutalisk x2  
  73  7:06  Zergling x8  
  73  7:07  Zergling x2  
  82  7:20  Overlord x2  
  82  7:21  Overlord x2  
  82  7:35  Overlord  
  82  7:41  Overseer x3  
  76  8:29  Mutalisk  
  76  8:30  Mutalisk x7  
  76  8:32  Queen  
  92  8:36  Zerg Flyer Weapons Level 2  
  92  9:02  Hatchery  
  87  9:24  Infestation Pit  
  86  9:39  Zergling x2  
  86  9:40  Zergling x34  
  104  9:49  Evolution Chamber  
  101  10:22  Extractor x2  
  76  10:42  Drone x4  
  80  10:43  Drone x14  
  80  10:47  Hive  
  80  10:48  Zerg Melee Weapons Level 1  
  94  10:53  Evolution Chamber  
  94  10:56  Drone x3  
  94  10:57  Drone x2  
  98  11:14  Zergling x2  
  98  11:15  Zergling x18  
  106  11:41  Zerg Ground Armor Level 1  
  106  11:49  Lair  
  106  12:01  Ultralisk Cavern  
  105  12:04  Hatchery  
  104  12:14  Overlord  
  104  12:15  Overlord x4  
  104  12:38  Extractor  
  102  12:51  Ultralisk x6  
  114  12:52  Ultralisk x3  
  156  13:16  Overlord x4  
  156  13:18  Pneumatized Carapace  
  156  13:21  Anabolic Synthesis  
  139  13:52  Ultralisk  
  139  13:53  Ultralisk x2  
Show
View Real Time Build Order
Export as new Build Order

Nyck Terran - Winner!

Build Orders:  

Get SALT Encoding   

  12  0:00  SCV  
  13  0:12  SCV  
  14  0:18  Supply Depot  
  14  0:25  SCV  
  15  0:40  SCV  
  15  0:42  Barracks  
  16  0:48  Refinery  
  16  0:54  SCV  
  17  1:06  SCV  
  18  1:14  Barracks  
  18  1:18  SCV  
  19  1:30  Supply Depot  
  19  1:31  Reaper  
  20  1:33  Orbital Command  
  20  1:44  Refinery  
  20  2:01  SCV  
  21  2:13  SCV  
  21  2:14  Barracks Tech Lab  
  21  2:15  Barracks Reactor  
  22  2:23  Command Center  
  22  2:40  SCV  
  23  2:47  Marine  
  24  2:52  SCV  
  24  2:56  Marine  
  26  3:09  SCV  
  26  3:25  Marine x3  
  29  3:28  Combat Shield  
  29  3:34  Barracks  
  29  3:36  Factory  
  29  3:48  Command Center  
  29  3:58  SCV  
  30  4:08  Supply Depot  
  30  4:15  Command Center  
  30  4:17  SCV  
  31  4:25  Factory  
  31  4:27  Starport, Factory Reactor  
  31  4:29  Barracks Reactor  
  31  4:35  Engineering Bay  
  31  4:36  SCV, Engineering Bay  
  32  4:48  SCV  
  33  4:54  Marine x3  
  36  5:00  SCV  
  36  5:01  Terran Infantry Weapons Level 1  
  36  5:04  Terran Infantry Armor Level 1  
  37  5:14  Marine  
  37  5:15  Marine x3  
  41  5:24  Missile Turret  
  41  5:40  Marine x4  
  41  5:41  Marine  
  46  5:50  Starport  
  46  5:54  Factory Reactor  
  46  5:57  Orbital Command  
  46  6:00  SCV  
  47  6:07  Orbital Command  
  47  6:13  SCV  
  48  6:22  Refinery  
  48  6:26  Missile Turret  
  48  6:27  SCV x2  
  50  6:33  Refinery  
  50  6:41  SCV x2, Armory, Factory Tech Lab  
  50  6:42  SCV  
  53  6:48  Marine x4  
  53  6:50  Viking  
  53  6:51  Viking  
  53  6:53  SCV  
  62  7:02  SCV  
  63  7:12  Marine, SCV  
  63  7:13  Marine x2  
  67  7:18  Viking  
  67  7:21  Orbital Command  
  69  7:35  Command Center  
  69  7:40  SCV x2, Viking  
  69  7:43  Supply Depot  
  73  7:53  SCV x2  
  73  7:54  Siege Tank  
  73  7:57  Viking  
  80  8:02  Terran Vehicle And Ship Armor Level 1  
  80  8:06  Supply Depot  
  80  8:07  Armory  
  80  8:10  SCV  
  81  8:25  Viking  
  81  8:26  Siege Tank  
  86  8:30  Supply Depot  
  86  8:38  Starport  
  86  8:40  SCV  
  86  8:41  SCV x2  
  88  8:46  Orbital Command  
  89  8:50  Missile Turret  
  89  8:55  Viking  
  91  8:59  SCV x3  
  94  9:06  Refinery  
  94  9:07  Refinery  
  94  9:08  Siege Tank  
  97  9:10  Missile Turret  
  97  9:11  SCV x2  
  99  9:20  Marine, SCV x2  
  99  9:21  Marine x4  
  99  9:23  Viking x2  
  110  9:28  Viking  
  110  9:29  Viking  
  114  9:33  Starport Reactor  
  114  9:37  Terran Ship Weapons Level 1  
  114  9:38  Terran Infantry Weapons Level 2  
  114  9:46  SCV, Refinery  
  114  9:48  SCV x3  
  114  9:49  Marine x3  
  114  9:50  Marine x2  
  123  9:59  Terran Vehicle And Ship Armor Level 2, Siege Tank  
  126  10:04  Supply Depot  
  126  10:06  Supply Depot  
  126  10:09  SCV x4  
  130  10:18  Refinery  
  130  10:19  Viking  
  132  10:25  Viking x2  
  132  10:27  Supply Depot  
  136  10:29  Stimpack, Supply Depot  
  136  10:35  Terran Infantry Armor Level 2  
  136  10:38  Viking x2  
  136  10:41  SCV x4  
  144  10:51  Supply Depot  
  144  10:58  Viking x3  
  150  11:05  Command Center  
  150  11:07  Supply Depot  
  150  11:11  Viking x3  
  156  11:30  Viking x3  
  162  11:38  Starport  
  162  11:40  Starport  
  162  11:41  Viking, Starport  
  162  11:46  Terran Ship Weapons Level 2  
  164  11:55  Terran Infantry Weapons Level 3  
  164  11:58  SCV x4  
  168  12:10  SCV x3  
  168  12:12  SCV  
  172  12:18  Command Center  
  172  12:20  Orbital Command  
  172  12:25  Refinery  
  172  12:27  Viking x4  
  172  12:28  Viking, Starport Reactor  
  172  12:29  Starport Reactor x2  
  182  12:30  Viking  
  182  12:34  Siege Tank  
  182  12:35  Marine x5  
  192  12:57  Viking  
  194  13:01  SCV  
  195  13:16  Refinery  
  195  13:30  SCV, Viking x2  
  200  13:44  SCV  
  200  13:45  SCV x2, Viking  
  200  13:46  Viking  
  200  13:47  Viking  
  200  13:53  Viking x2  
Show
View Real Time Build Order
Export as new Build Order

Zolevarus Protoss 

Build Orders:  

Get SALT Encoding   

  12  0:03  Probe  
  13  0:15  Probe  
  13  0:19  Pylon  
  14  0:27  Probe  
  15  0:35  Pylon  
  15  0:39  Probe  
  16  0:51  Probe  
  16  0:52  Assimilator  
  17  0:58  Gateway  
  17  1:07  Assimilator  
  17  1:13  Probe  
  18  1:21  Probe  
  19  1:30  Probe  
  19  1:38  Probe  
  20  1:46  Probe  
  21  1:50  Cybernetics Core  
  21  1:52  Pylon  
  22  1:56  Probe  
  23  2:08  Probe  
  24  2:18  Zealot  
  24  2:20  Probe  
  27  2:34  Warp Gate  
  26  3:01  Nexus  
  26  3:02  Stargate  
  26  3:03  Pylon  
  26  3:04  Stargate  
  26  3:06  Stalker  
  27  3:22  Probe  
  36  3:53  Void Ray  
  36  3:54  Void Ray  
  36  3:56  Probe  
  37  4:08  Probe  
  38  4:20  Pylon, Probe  
  38  4:21  Forge  
  38  4:23  Probe  
  40  4:32  Probe  
  40  4:35  Probe  
  40  5:07  Fleet Beacon  
  44  5:18  Void Ray  
  44  5:40  Probe x2  
  46  5:50  Photon Cannon  
  46  5:52  Probe x2  
  46  5:53  Photon Cannon  
  46  5:56  Photon Cannon, Pylon  
  48  5:58  Photon Cannon  
  48  6:02  Pylon  
  48  6:04  Probe  
  48  6:06  Shield Battery  
  49  6:28  Probe x2  
  51  6:33  Carrier  
  57  6:40  Probe x2  
  59  6:52  Probe  
  60  6:55  Photon Cannon  
  60  6:58  Photon Cannon  
  60  7:00  Assimilator  
  59  7:01  Shield Battery  
  59  7:02  Assimilator  
  59  7:03  Photon Cannon  
  59  7:14  Shield Battery  
  59  7:17  Photon Cannon  
  59  7:18  Pylon  
  59  7:21  Protoss Shields Level 1  
  59  7:28  Carrier  
  59  7:41  Carrier  
  65  7:49  Protoss Air Weapons Level 1  
  71  7:53  Probe  
  71  7:54  Probe  
  73  8:05  Probe  
  74  8:06  Probe  
  75  8:17  Probe  
  64  8:27  Carrier  
  70  9:02  Pylon  
  70  9:03  Nexus  
  70  9:11  Pylon  
  70  9:13  Probe x2  
  70  9:16  Carrier  
  78  9:22  Twilight Council  
  78  9:25  Probe  
  79  9:32  Gateway  
  79  9:45  Void Ray  
  83  9:52  Protoss Air Weapons Level 2  
  83  9:53  Photon Cannon  
  83  9:57  Shield Battery  
  83  10:04  Photon Cannon  
  87  10:26  Void Ray  
  87  10:32  Photon Cannon  
  87  10:33  Probe x3  
  90  10:45  Probe x3  
  97  10:50  Void Ray  
  97  10:55  Templar Archives  
  98  10:57  Probe x2  
  98  10:59  Assimilator, Protoss Shields Level 2, Probe  
  98  11:03  Assimilator  
  100  11:09  Probe  
  100  11:10  Probe  
  100  11:11  Probe  
  103  11:21  Probe  
  103  11:22  Probe  
  103  11:24  Probe  
  106  11:33  Probe  
  106  11:34  Probe  
  106  11:36  Probe  
  117  11:40  Void Ray  
  117  11:41  Psionic Storm  
  117  11:42  Void Ray  
  117  11:45  Probe  
  118  11:53  Stargate  
  118  11:54  Stargate  
  118  11:56  Stargate  
  118  12:02  Probe  
  118  12:03  Probe x2  
  121  12:11  Photon Cannon  
  121  12:15  Probe  
  122  12:16  Pylon  
  122  12:25  High Templar  
  124  12:36  Pylon  
  124  12:38  Pylon  
  124  12:40  Pylon  
  124  12:42  Pylon  
  132  12:47  Void Ray x2  
  132  12:48  Pylon  
  136  13:00  Void Ray  
  136  13:01  High Templar  
  136  13:04  High Templar  
  144  13:17  Void Ray  
  148  13:20  Void Ray  
  148  13:44  Nexus  
  148  13:45  Pylon  
  148  13:46  Robotics Facility  
Show
View Real Time Build Order
Export as new Build Order

Farloks Zerg 

Build Orders: Hatch First 

Get SALT Encoding   

  12  0:00  Drone  
  13  0:13  Overlord  
  13  0:22  Drone  
  14  0:33  Drone  
  14  0:34  Drone  
  16  0:37  Drone  
  17  0:55  Drone  
  18  0:58  Hatchery  
  18  1:00  Drone  
  18  1:14  Spawning Pool  
  18  1:17  Extractor  
  16  1:20  Drone x2  
  18  1:30  Drone  
  19  1:45  Overlord  
  19  2:01  Zergling x2  
  19  2:02  Zergling x2  
  21  2:13  Queen  
  21  2:15  Queen  
  25  2:18  Zergling x4  
  25  2:19  Metabolic Boost  
  27  2:31  Drone x2  
  28  2:52  Drone x4  
  32  3:01  Drone x2  
  34  3:15  Zergling x2  
  34  3:16  Zergling x2  
  34  3:17  Overlord x2  
  33  3:49  Spine Crawler  
  33  3:52  Spine Crawler  
  33  3:53  Drone  
  33  3:54  Drone  
  33  3:55  Roach Warren  
  32  3:58  Drone x8  
  40  4:06  Spine Crawler  
  40  4:09  Spine Crawler  
  38  4:12  Extractor, Lair  
  38  4:16  Drone x2  
  39  4:25  Drone x2, Baneling Nest  
  39  4:31  Overlord x2  
  40  4:57  Roach x3  
  40  4:58  Roach x2  
  50  5:09  Spine Crawler, Drone  
  50  5:10  Drone  
  50  5:11  Overlord x3  
  51  5:20  Glial Reconstitution  
  51  5:24  Spore Crawler  
  51  5:28  Spore Crawler, Drone x2  
  51  5:29  Hatchery  
  51  5:30  Overlord  
  51  5:35  Baneling x2  
  50  5:50  Extractor  
  50  5:51  Extractor, Drone x3  
  50  5:53  Drone x3  
  50  5:55  Drone x3  
  57  6:01  Spine Crawler  
  56  6:13  Drone x5, Evolution Chamber  
  56  6:14  Evolution Chamber  
  56  6:15  Drone  
  60  6:33  Infestation Pit  
  60  6:35  Overseer x2  
  59  6:40  Zerg Missile Weapons Level 1  
  59  6:43  Zerg Ground Armor Level 1  
  59  6:51  Spore Crawler  
  53  6:56  Spore Crawler  
  53  6:59  Spore Crawler  
  53  7:00  Hydralisk Den  
  52  7:11  Queen  
  52  7:12  Spore Crawler  
  53  7:17  Spore Crawler  
  52  7:33  Hydralisk x3  
  52  7:34  Hydralisk x5  
  66  7:44  Muscular Augments  
  66  7:50  Drone  
  66  7:51  Drone x2  
  69  7:53  Drone x3  
  72  8:04  Centrifugal Hooks  
  62  8:16  Hydralisk x5  
  62  8:17  Hydralisk  
  74  8:35  Spore Crawler  
  74  8:41  Hydralisk  
  73  8:43  Overlord  
  73  8:44  Overlord x2  
  75  8:53  Zerg Ground Armor Level 2  
  75  8:55  Zerg Missile Weapons Level 2  
  75  9:24  Zergling x2  
  75  9:25  Zergling x24  
  88  9:36  Hatchery  
  88  9:38  Evolution Chamber  
  82  10:17  Baneling  
  82  10:19  Hydralisk  
  82  10:20  Hydralisk x4  
  71  10:36  Hydralisk x5  
  81  11:08  Hatchery, Hydralisk x2  
  81  11:11  Overlord x3  
  84  11:12  Overlord  
  84  11:18  Zerg Melee Weapons Level 1  
  84  11:20  Hive  
  84  11:30  Hatchery  
  83  11:35  Zergling x2  
  83  11:36  Zergling x6  
  87  11:47  Zergling x4  
  89  11:56  Hydralisk  
  89  11:57  Hydralisk  
  89  12:00  Baneling x3  
  89  12:01  Baneling  
  93  12:05  Baneling x3  
  93  12:06  Baneling  
  93  12:09  Hydralisk x5  
  103  12:20  Queen  
  105  12:23  Drone  
  105  12:24  Drone x4  
  110  12:45  Queen  
  112  12:52  Hydralisk  
  112  12:53  Hydralisk  
  116  13:02  Grooved Spines, Lurker Den  
  115  13:11  Drone x4  
  115  13:12  Drone x4  
  123  13:25  Baneling x4  
  123  13:31  Spore Crawler  
  123  13:32  Spore Crawler  
  121  13:35  Spore Crawler x2  
  121  13:39  Spore Crawler, Drone x5  
  121  13:40  Spore Crawler  
  59  14:03  Hydralisk x4  
Tags
 
Add a new tag
Caveats
  • Supply blocks, unpowered buildings, or Contaminate may cause inaccurate times.
  • Supply counts are checked every 10 seconds.